 Dungeon Crawl Stone Soup version 0.30-a0-1082-g70414cbcbb (webtiles) character file.

Game seed: 11307293021125288100

20395 cforsyth the Summoner (level 12, 0/81 HPs)
             Began as an Octopode Summoner on Apr 15, 2023.
             Was an Initiate of Gozag.
             Slain by a minotaur
             ... wielding a +1 heavy morningstar
              (18 damage)
             ... in a Gauntlet.
             The game lasted 00:39:09 (17257 turns).

cforsyth the Summoner (Octopode Summoner)          Turns: 17257, Time: 00:39:09

Health: 0/81       AC:  1    Str:  9    XL:     12   Next: 79%
Magic:  20/27      EV: 21    Int: 21    God:    Gozag
Gold:   2419       SH:  0    Dex: 12    Spells: 21/34 levels left

rFire   + + .      SeeInvis .    y - +1 whip "Tity" {freeze, Fly rF+}
rCold   + . .      Faith    .    (no shield)
rNeg    . . .      Spirit   .    h - +0 hat
rPois   .          Reflect  .    (no amulet)
rElec   .          Rampage  .    j - +5 ring of evasion
rCorr   .          NoTele   +    C - ring of fire
Will    .....                    E - ring of ice
Stlth   +++                      I - ring of protection from cold
HPRegen 0.33/turn                F - ring of protection from fire
MPRegen 0.20/turn                G - +4 ring of slaying
                                 (no ring)
                                 (no ring)

@: flying, very slightly contaminated, invisible
A: almost no armour, amphibious, 8 rings, camouflage 1, gelatinous body 1,
(nimble swimmer 1), tentacles
a: Renounce Religion, Potion Petition, Call Merchant, Bribe Branch


You were in a Gauntlet.
You worshipped Gozag.
Gozag was most pleased with you.
You visited 3 branches of the dungeon, and saw 15 of its levels.
You also visited: Gauntlet.

You collected 2581 gold pieces.
You spent 62 gold pieces at shops.
You paid 100 gold pieces to Gozag.

Inventory:

Hand Weapons
 y - the +1 whip "Tity" (weapon) {freeze, Fly rF+}
   (You found it on level 5 of the Dungeon)

   rF:        It protects you from fire.
   Fly:       It grants you flight.
Armour
 h - a +0 hat (worn)
Jewellery
 e - a ring of resist corrosion
 j - a +5 ring of evasion (left tentacle)
 C - a ring of fire (right tentacle)
 E - a ring of ice (on tentacle)
 F - a ring of protection from fire (on tentacle)
 G - a +4 ring of slaying (on tentacle)
 I - a ring of protection from cold (on tentacle)
 K - a ring of ice
Wands
 H - a wand of iceblast (6)
 J - a wand of paralysis (10)
Scrolls
 c - 2 scrolls of fear {unknown}
 f - 4 scrolls of vulnerability {unknown}
 m - 3 scrolls of enchant weapon {unknown}
 o - a scroll of fog {unknown}
 p - 5 scrolls of teleportation {unknown}
 s - 5 scrolls of blinking {unknown}
 u - 2 scrolls of acquirement {unknown}
 v - 5 scrolls of immolation {unknown}
 z - 3 scrolls of noise {unknown}
 A - 2 scrolls of brand weapon
 B - a scroll of amnesia {unknown}
 D - a scroll of poison
 L - a scroll of enchant armour
Potions
 a - a potion of magic
 b - 2 potions of brilliance
 d - a potion of might
 g - 4 potions of berserk rage
 i - 5 potions of flight
 k - a potion of mutation
 l - 2 potions of cancellation
 q - a potion of invisibility
 r - a potion of haste
 w - 2 potions of lignification
 x - 7 potions of curing
 M - a potion of attraction
 N - 2 potions of resistance


   Skills:
 + Level 7.4 Fighting
 + Level 7.7 Dodging
 - Level 2.6 Stealth
 - Level 11.6 Spellcasting
 - Level 3.0 Hexes
 - Level 13.0 Summonings
 - Level 3.0 Air Magic


You had 21 spell levels left.
You knew the following spells:

 Your Spells              Type           Power      Damage    Failure   Level
a - Summon Small Mammal   Summ           100%       N/A       1%          1
b - Call Imp              Summ           100%       N/A       1%          2
c - Call Canine Familiar  Summ           61%        N/A       1%          3
d - Summon Guardian Gole  Hex/Summ       45%        N/A       1%          3
e - Summon Lightning Spi  Summ/Air       46%        N/A       1%          4

Your spell library contained the following spells:

 Spells                   Type           Power      Damage    Failure   Level
 Summon Ice Beast         Ice/Summ       56%        N/A       3%          4
 Ensorcelled Hibernation  Hex/Ice        54%        N/A       4%          2
 Swiftness                Air            25%        N/A       4%          3
 Tukima's Dance           Hex            24%        N/A       4%          3
 Apportation              Tloc           24%        N/A       5%          1
 Magic Dart               Conj           48%        1d5       5%          1
 Necrotise                Necr           48%        1d6       5%          1
 Sandblast                Erth           24%        2d8       5%          1
 Cigotuvi's Dreadful Rot  Necr/Pois/Air  32%        N/A       5%          2
 Passwall                 Tmut/Erth      10%        N/A       9%          2
 Portal Projectile        Hex/Tloc       36%        N/A       9%          3
 Mephitic Cloud           Conj/Pois/Air  16%        N/A       11%         3
 Frozen Ramparts          Ice            36%        1d6       17%         3
 Ozocubu's Armour         Ice            18%        N/A       17%         3
 Stone Arrow              Conj/Erth      24%        3d8       17%         3
 Volatile Blastmotes      Fire/Tloc      36%        2d13      17%         3
 Fulminant Prism          Conj/Hex       9%         3d7       30%         4
 Dispel Undead            Necr           12%        3d9       50%         4
 Ice Form                 Ice/Tmut       18%        N/A       50%         4
 Iskenderun's Mystic Bla  Conj/Tloc      12%        2d5       50%         4
 Passage of Golubria      Tloc           12%        N/A       50%         4
 Yara's Violent Unravell  Hex/Tmut       9%         3d6       63%         5
 Blade Hands              Tmut           6%         N/A       83%         5
 Lee's Rapid Deconstruct  Erth           6%         3d6*      83%         5
 Death Channel            Necr           6%         N/A       100%        6
 Ozocubu's Refrigeration  Ice            9%         4d9       100%        7
 Polar Vortex             Ice            9%         N/A       100%        9
 Simulacrum               Ice/Necr       Unusable   N/A       N/A         6

Dungeon Overview and Level Annotations

Branches:
Dungeon (12/15)            Temple (1/1) D:6            Lair (2/5) D:11
  Snake (0/4) Lair:2          Orc (0/2) D:11        Gauntlet (1/1)
  Swamp: Lair:2-3    Shoals: Lair:2-3

Altars:
Ashenzari
Cheibriados
Dithmenos
Elyvilon
Fedhas
Gozag
Hepliaklqana
Kikubaaqudgha
Makhleb
Nemelex Xobeh
Okawaru
Qazlal
Ru
Sif Muna
Trog
Uskayaw
Vehumet
Wu Jian
Xom
Yredelemnul
Zin
The Shining One

Shops:
D:1 *

Annotations:
D:12 Jorgrun
Lair:2 Erica Gauntlet 4 transporters, exclusion: ice statue


Innate Abilities, Weirdness & Mutations

You cannot wear most types of armour.
You are amphibious.
You can wear up to eight rings at the same time.
Your skin changes colour to match your surroundings (Stealth+).
Your rubbery body absorbs attacks. (AC +1, EV +1)
((You are camouflaged when in or above water. (Stealth+)))
You have tentacles for arms and can constrict up to eight enemies at once.


Message History

The minotaur gores your guardian golem!
Your guardian golem overheats!
Unknown command.
The minotaur throws a silver javelin.
The silver javelin pierces through your guardian golem!
Flame seeps out of your guardian golem. x2
The silver javelin pierces through you!
Your guardian golem is engulfed in blazing flames.
Flame seeps out of your guardian golem.
The minotaur throws a silver javelin.
The silver javelin pierces through your guardian golem!
Flame seeps out of your guardian golem. x2; The silver javelin misses you.
Unknown command.
The minotaur hits your guardian golem with a +1 heavy morningstar!!
Your guardian golem disappears in a puff of smoke!
Your guardian golem explodes!
The fiery explosion engulfs the minotaur!!
Casting: Call Imp (safe; 1% risk of failure)
Confirm with . or Enter, or press ? or * to list all spells.
A guardian golem appears, shielding your allies.
The minotaur is engulfed in blazing flames.
You swap places.
Unknown command.
Unknown command.
You swap places.
The minotaur is engulfed in blazing flames.
The minotaur closely misses you. The minotaur gores you!!
The minotaur completely misses you. The minotaur gores you!!
You swap places.
The minotaur attacks as you move away!
The minotaur hits you with a +1 heavy morningstar.
The minotaur gores you!
* * * LOW HITPOINT WARNING * * *
The minotaur is engulfed in blazing flames.
Unknown command.
Casting: Summon Guardian Golem (safe; 1% risk of failure)
Confirm with . or Enter, or press ? or * to list all spells.
The minotaur closely misses you. The minotaur gores you!!
You die...
Your body crumbles into a pile of gold.

##≈...............≈#
#≈≈..8©8©8©8©8©8..≈≈#
##≈...............≈##
#########.#########
#.............#
#.###########.# #.#
......○9#.# #.#
###.###H#.# #.#
##@#.# #.# $ #..###
#.## #h##
#..#.#####.#
##.#.......#
#.####.####.#
#...........#
#############


You could see a minotaur (ally target), a friendly guardian golem (summoned) and
a friendly wolf (summoned, sheltered).

Vanquished Creatures
  Grinder (D:4)
  A wolf (Lair:1)
  A phantom (D:5)
  A bullfrog (D:8)
  A scorpion (D:5)
  2 adders
  A shadow imp (D:7)
  An ufetubus (D:6)
  2 dart slugs
  5 orcs
  6 ball pythons
  A bat (D:2)
  2 endoplasms
  5 goblins
  7 hobgoblins
  2 frilled lizards
  6 kobolds
  4 rats
49 creatures vanquished.

Vanquished Creatures (collateral kills)
  A great orb of eyes (Gauntlet)
  Erolcha (D:11)
  A catoblepas (Lair:2)
  Nergalle (D:11)
  A fire crab (Gauntlet)
  4 elephants (Lair:1)
  5 rime drakes (D:11)
  2 komodo dragons
  A large abomination (Gauntlet)
  A hornet (D:10)
  Prince Ribbit (Lair:1)
  4 blink frogs (Lair:1)
  A wraith (D:10)
  3 wyverns
  2 fire bats (Gauntlet)
  2 basilisks
  25 yaks
  A steam dragon (D:9)
  4 water moccasins
  An ice beast (D:6)
  An orc warrior (D:8)
  2 sky beasts (D:8)
  A black bear (D:11)
  9 wolves (Lair:1)
  2 centaurs
  4 small abominations (Gauntlet)
  5 kobold brigands
  2 bullfrogs
  5 scorpions
  8 wights
  9 howler monkeys
  3 orc priests
  4 hounds
  2 iguanas
  Natasha (twice) (D:4)
  7 orc wizards
  3 adders
  2 white imps
  A worm (D:2)
  A dart slug (D:1)
  17 orcs
  A ball python (D:2)
  2 endoplasms
  2 giant cockroaches (D:2)
  8 goblins
  A hobgoblin (D:2)
  25 kobolds
  2 bats (D:2)
  2 frilled lizards (D:2)
  2 rats (D:2)
197 creatures vanquished.

Vanquished Creatures (others)
  An ice dragon (D:11)
  A cyclops (D:11)
  2 ugly things
  A rime drake (Gauntlet)
  A polar bear (D:11)
  A large abomination (Gauntlet)
  5 yaks
  A wolf (Lair:1)
  A kobold brigand (D:8)
  A bullfrog (D:9)
  2 small abominations (Gauntlet)
  An orc priest (D:8)
  2 kobolds (D:8)
  5 fungi
  21 plants
46 creatures vanquished.

Grand Total: 292 creatures vanquished

Notes
Turn   | Place    | Note
-------+----------+-------------------------------------------
     0 | D:1      | cforsyth the Octopode Summoner began the quest for the Orb.
     0 | D:1      | Reached XP level 1. HP: 11/11 MP: 3/3
    21 | D:1      | Upgraded the game from 0.30-a0-1075-gcd70e7a56d to
                  | 0.30-a0-1082-g70414cbcbb
   200 | D:1      | Reached XP level 2. HP: 7/17 MP: 1/5
   528 | D:1      | Found Valyenui's Assorted Antiques.
   536 | D:1      | Bought a green potion for 15 gold pieces
   536 | D:1      | Bought a lumpy black potion for 15 gold pieces
   674 | D:1      | Learned a level 2 spell: Call Imp
  1039 | D:2      | Reached XP level 3. HP: 21/21 MP: 1/6
  1281 | D:2      | Learned a level 3 spell: Call Canine Familiar
  1752 | D:2      | Reached XP level 4. HP: 27/27 MP: 2/8
  1896 | D:2      | Reached skill level 5 in Summonings
  2708 | D:3      | Found a faded altar of an unknown god.
  2782 | D:3      | Reached XP level 5. HP: 26/31 MP: 7/10
  2786 | D:3      | Learned a level 3 spell: Summon Guardian Golem
  3365 | D:4      | Found a hide-covered altar of Uskayaw.
  3367 | D:4      | Found an ornate altar of the Wu Jian Council.
  3380 | D:4      | Noticed Natasha
  3386 | D:4      | Killed Natasha
  3660 | D:4      | Noticed Grinder
  3672 | D:4      | Paralysed by Grinder for 2 turns
  3680 | D:4      | Killed Grinder
  3681 | D:4      | Reached skill level 6 in Summonings
  3681 | D:4      | Reached XP level 6. HP: 36/36 MP: 6/13
  3702 | D:4      | Noticed Natasha
  3706 | D:4      | Killed Natasha
  3750 | D:4      | Found a glowing silver altar of Zin.
  4135 | D:4      | Reached XP level 7. HP: 35/41 MP: 8/14
  4237 | D:5      | Entered Level 5 of the Dungeon
  4466 | D:5      | Reached skill level 5 in Spellcasting
  4789 | D:5      | Identified the +1 leather armour "Nisuudu" {rF+ rC+ rCorr}
  4907 | D:5      | Reached skill level 7 in Summonings
  5471 | D:5      | Identified the +1 whip "Tity" {freeze, Fly rF+}
  5799 | D:6      | Reached XP level 8. HP: 17/46 MP: 10/17
  6087 | D:6      | Found a staircase to the Ecumenical Temple.
  6098 | Temple   | Entered the Ecumenical Temple
  6293 | Temple   | Became a worshipper of Gozag Ym Sagoz the Greedy
  6526 | D:1      | Bought a lumpy orange potion for 15 gold pieces
  6526 | D:1      | Bought a scroll labelled ACREXI BOMMOVU for 17 gold pieces
  7008 | D:7      | Reached skill level 8 in Summonings
  7015 | D:7      | Found a shimmering blue altar of Sif Muna.
  7968 | D:7      | Reached XP level 9. HP: 51/51 MP: 11/20
  8041 | D:7      | Found a broken altar of Ashenzari.
  8160 | D:7      | You are sucked into a shaft and drop 1 floor!
  8216 | D:8      | Reached skill level 9 in Summonings
  9651 | D:7      | Reached skill level 10 in Summonings
 10037 | D:9      | Learned a level 4 spell: Summon Lightning Spire
 10091 | D:9      | Reached skill level 1 in Hexes
 10091 | D:9      | Reached skill level 1 in Air Magic
 10161 | D:9      | Reached XP level 10. HP: 56/56 MP: 15/23
 10848 | D:10     | Entered Level 10 of the Dungeon
 10978 | D:10     | Reached skill level 11 in Summonings
 11267 | D:10     | Reached skill level 10 in Spellcasting
 12090 | D:11     | Reached XP level 11. HP: 61/61 MP: 19/25
 12171 | D:11     | Reached skill level 12 in Summonings
 12218 | D:11     | Noticed a brown ugly thing
 12238 | D:11     | Killed a brown ugly thing
 12548 | D:11     | Identified the +12 battleaxe of Glory {freeze, rPois Str+2
                  | Int-4}
 12548 | D:11     | Noticed Nergalle
 12556 | D:11     | Killed Nergalle
 12763 | D:11     | Found a staircase to the Lair.
 12876 | D:11     | Noticed an ice dragon
 12891 | D:11     | Killed an ice dragon
 13005 | D:11     | Noticed a cyclops
 13018 | D:11     | Killed a cyclops
 13019 | D:11     | Reached skill level 13 in Summonings
 13269 | D:11     | Found a staircase to the Orcish Mines.
 13522 | D:11     | Reached skill level 1 in Fighting
 13608 | D:11     | Noticed Erolcha
 13628 | D:11     | Killed Erolcha
 13803 | D:12     | Noticed Jorgrun
 14037 | Lair:1   | Entered Level 1 of the Lair of Beasts
 14288 | Lair:1   | Reached XP level 12. HP: 72/72 MP: 22/27
 14552 | Lair:1   | Reached skill level 5 in Dodging
 14671 | Lair:1   | Noticed Prince Ribbit
 14675 | Lair:1   | Killed Prince Ribbit
 14743 | Lair:1   | Reached skill level 5 in Fighting
 15545 | Lair:2   | Noticed Erica
 15602 | Lair:2   | Noticed a catoblepas
 15617 | Lair:2   | Killed a catoblepas
 15673 | Lair:2   | Found a gate leading to a gauntlet.
 15682 | Gauntlet | Entered a Gauntlet
 15682 | Gauntlet | Found a transporter.
 15699 | Gauntlet | Found a transporter.
 15703 | Gauntlet | Found a transporter.
 15711 | Gauntlet | Found a transporter.
 15715 | Gauntlet | Found a transporter.
 15723 | Gauntlet | Found a transporter.
 15727 | Gauntlet | Found a transporter.
 15731 | Gauntlet | Noticed a great orb of eyes
 15735 | Gauntlet | Found a transporter.
 15739 | Gauntlet | Found a transporter.
 15747 | Gauntlet | Found a transporter.
 15778 | Gauntlet | Found a transporter.
 15790 | Gauntlet | Found a transporter.
 15802 | Gauntlet | Found a transporter.
 15814 | Gauntlet | Found a transporter.
 16577 | Gauntlet | Killed a great orb of eyes
 17232 | Gauntlet | Noticed a minotaur
 17257 | Gauntlet | Slain by a minotaur

Illustrated notes

Levels and vault maps discovered:
D:1:      dpeg_arrival_pits, layout_basic, serial_shops, nicolae_shop_waterfront
D:2:      minmay_angry_zag, layout_loops_ring, minmay_3d_cube
D:3:      wad_lake_hut, layout_basic, hellmonk_ecumenical_altar_arch_garden,
          grunt_ministairs_10
D:4:      layout_basic, mainiacjoe_overflow_surrounded_room,
          chequers_temple_overflow_statue_of_worship, amcnicky_mini_pool_small,
          chequers_serial_rivers_micro_a, uniq_grinder, uniq_natasha
D:5:      layout_basic
D:6:      layout_loops_ring, minmay_temple_entry_statues_fountains
D:7:      layout_basic, cheibrodos_ashenzari_chains,
          mainiacjoe_overflow_24_doors
D:8:      layout_cave_pods, chequers_serial_rivers_small_a, item_on_display_a
D:9:      layout_basic
D:10:     layout_stronghold
D:11:     minmay_coctagon, layout_loops_ring, david_lair_generic, orc_0_dummy,
          uniq_nergalle, uniq_erolcha
D:12:     layout_basic, nicolae_shop_dragon_depot, uniq_jorgrun, uniq_psyche
Temple:   bh_familiar_temple
Lair:1:   layout_gridlike, hangedman_lair_unloving_vines, grunt_megastairs_4,
          uniq_prince_ribbit2
Lair:2:   layout_layer_cave, nicolae_snake_entry_squirm, gauntlet_entry_generic,
          infiniplex_staircase_pool_2, uniq_erica
Gauntlet: gammafunk_gauntlet_77_escape_option [minmay_gauntlet_arena_77_museum,
          minmay_gauntlet_arena_77_broken_ladder,
          minmay_gauntlet_arena_77_double_cross,
          minmay_gauntlet_arena_77_braids, minmay_gauntlet_arena_77_fan,
          dreamdust_gauntlet_exit_labyrinth]

Skill      XL: |  1  2  3  4  5  6  7  8  9 10 11 12 |
---------------+-------------------------------------+-----
Spellcasting   | 3 4 6 7 9 10 11 | 11.6
Summonings     | 5 6 7 8 10 11 13 | 13.0
Hexes          | 2 3 |  3.0
Air Magic      | 2 3 |  3.0
Fighting       | 3 7 |  7.4
Dodging        | 4 7 |  7.7
Stealth        | |  2.6

Action                     |  1- 3 |  4- 6 |  7- 9 | 10-12 || total
---------------------------+-------+-------+-------+-------++-------
  Melee: Unarmed           |    57 |    57 |    45 |       ||   159
         Tentacles         |    18 |    18 |    15 |    12 ||    63
         Constrict         |    20 |    21 |    14 |     4 ||    59
         Punch             |       |     1 |     2 |     1 ||     4
         Whip              |       |       |    18 |    37 ||    55
   Cast: Summon Small Mamm |    32 |     6 |    44 |    45 ||   127
         Call Imp          |     5 |    16 |    41 |    31 ||    93
         Call Canine Famil |     5 |    12 |    44 |    46 ||   107
         Summon Guardian G |       |     1 |    11 |    51 ||    63
         Summon Lightning  |       |       |     1 |    38 ||    39
    Use: Potion            |       |       |     3 |     7 ||    10
         Scroll            |       |       |       |    18 ||    18
   Stab: Sleeping          |     3 |     5 |       |       ||     8
         Betrayed ally     |       |       |       |     1 ||     1
 Armour: Skin              |       |     1 |     6 |     5 ||    12
  Dodge: Dodged            |    35 |    52 |    76 |    86 ||   249

Table legend: (Time is in decaauts)
 A = Elapsed time spent in this place.
 B = Non-inter-level travel time spent in this place.
 C = Inter-level travel time spent in this place.
 D = Time resting spent in this place.
 E = Time spent auto-exploring this place.
 F = Levels seen in this place.
 G = Mean time per level.
                   A        B        C        D        E       F      G
               +--------+--------+--------+--------+--------+-----+--------+
         Total |  17260 |  16567 |    693 |   1502 |  12020 |  16 | 1078.8 |
       Dungeon |  13835 |  13215 |    620 |    779 |  10259 |  12 | 1152.9 |
        Temple |    219 |    195 |     24 |      0 |    190 |   1 |  219.0 |
          Lair |   1644 |   1595 |     49 |     16 |   1170 |   2 |  822.0 |
      Gauntlet |   1560 |   1560 |      0 |    707 |    401 |   1 | 1560.0 |
               +--------+--------+--------+--------+--------+-----+--------+

Top non-repeatable levels by time:
    D:11: 1971 daAuts
Gauntlet: 1560 daAuts
  Lair:1: 1504 daAuts
     D:8: 1462 daAuts
     D:6: 1349 daAuts
     D:5: 1296 daAuts
     D:4: 1290 daAuts
     D:7: 1233 daAuts
    D:10: 1213 daAuts
     D:2: 1159 daAuts
     D:1: 993 daAuts
     D:3: 977 daAuts
     D:9: 881 daAuts
  Temple: 219 daAuts
  Lair:2: 140 daAuts
